General information
- name: BNet
- type: Ladder team game (AT/RT)
- host: Battle.net
- saver: PC1582
map: Deadlands
- players: 8
- length: 34:09
- speed: Fast
- version: 1.26 W3XP
- replay type: Public
» download(212 KB)
Players
team 1 (winner)
appal (
blue | 45 APM | 304 actions | 06:49)
2 Blademaster
1 Wind Walk
1 Critical Strike
» actions
| Assign group hotkey | 2 | |
| Build / train | 20 | |
| Enter build submenu | 10 | |
| Enter hero's abilities submenu | 2 | |
| Right click | 166 | |
| Select / deselect | 83 | |
| Select group hotkey | 3 | |
| Use ability | 18 | |
304 total
» units
» upgrades
» buildings
| Altar of Storms | 1 | |
| Orc Burrow | 3 | |
| Barracks | 1 | |
| War Mill | 1 | |
| Voodoo Lounge | 1 | |
| Stronghold | 1 | |
| Watch Tower | 2 | |
| Great Hall | 1 | |
11 total
» build order
00:23 Altar of Storms
00:24 Orc Burrow
01:01 Barracks
01:44 Orc Burrow
02:15 War Mill
03:06 Voodoo Lounge
03:35 Stronghold
03:54 Watch Tower
04:00 Watch Tower
04:15 Orc Burrow
05:56 Great Hall
» items
35kmh (
purple | 45 APM | 718 actions | 15:59)
3 Blademaster
1 Wind Walk
2 Critical Strike
1 Shadow Hunter
1 Healing Wave
1 Death Knight
1 Unholy Aura
» actions
| Build / train | 54 | |
| Enter build submenu | 19 | |
| Enter hero's abilities submenu | 5 | |
| Right click | 299 | |
| Select / deselect | 279 | |
| Use ability | 62 | |
718 total
» units
| Peon | 8 | |
| Wind Rider | 15 | |
| Crypt Fiend | 8 | |
31 total
» upgrades
| Ranged Weapons | 2 | |
| Web | 1 | |
| Envenomed Spears | 1 | |
| Berserker Upgrade | 1 | |
5 total
» buildings
| Orc Burrow | 6 | |
| War Mill | 1 | |
| Altar of Storms | 1 | |
| Stronghold | 2 | |
| Voodoo Lounge | 1 | |
| Beastiary | 2 | |
| Spirit Tower | 2 | |
| Ziggurat | 1 | |
| Necropolis | 1 | |
| Sacrificial Pit | 2 | |
| Black Citadel | 1 | |
| Tomb of Relics | 1 | |
21 total
» build order
00:12 Orc Burrow
01:12 War Mill
01:27 Altar of Storms
01:40 Stronghold
01:40 Stronghold
01:58 Orc Burrow
02:24 Voodoo Lounge
02:58 Orc Burrow
04:17 Beastiary
04:25 Beastiary
04:46 Orc Burrow
07:23 Spirit Tower
08:18 Ziggurat
08:30 Necropolis
08:56 Sacrificial Pit
09:52 Spirit Tower
11:16 Black Citadel
11:22 Sacrificial Pit
11:48 Tomb of Relics
13:14 Orc Burrow
13:54 Orc Burrow
» items
| Healing Salve | 2 | |
| Lesser Clarity Potion | 2 | |
| Dust of Appearance | 1 | |
| Rod of Necromancy | 1 | |
| Potion of Healing | 1 | |
7 total

»
nahkev (
yellow | 67 APM | 467 actions | 06:59)
2 Death Knight
1 Death Coil
1 Unholy Aura
» actions
| Assign group hotkey | 7 | |
| Build / train | 22 | |
| Enter build submenu | 8 | |
| Enter hero's abilities submenu | 2 | |
| Give item / drop item | 1 | |
| Remove unit from queue | 1 | |
| Right click | 251 | |
| Select / deselect | 86 | |
| Select group hotkey | 74 | |
| Use ability | 15 | |
467 total
» units
| Acolyte | 5 | |
| Ghoul | 4 | |
| Crypt Fiend | 7 | |
16 total
» buildings
| Ziggurat | 3 | |
| Altar of Darkness | 1 | |
| Crypt | 2 | |
| Tomb of Relics | 1 | |
| Graveyard | 1 | |
| Nerubian Tower | 1 | |
| Halls of the Dead | 1 | |
10 total
» build order
00:08 Ziggurat
00:12 Altar of Darkness
00:40 Crypt
01:16 Tomb of Relics
01:25 Graveyard
01:36 Ziggurat
02:34 Crypt
03:08 Nerubian Tower
04:09 Ziggurat
05:15 Halls of the Dead
asta-tria-gril (
teal | 98 APM | 3347 actions | 34:09)
7 Blademaster
3 Wind Walk
3 Critical Strike
1 Bladestorm
4 Shadow Hunter
3 Hex
1 Healing Wave
» actions
| Assign group hotkey | 89 | |
| Basic commands | 9 | |
| Build / train | 84 | |
| Enter build submenu | 26 | |
| Enter hero's abilities submenu | 14 | |
| Give item / drop item | 8 | |
| Remove unit from queue | 2 | |
| Right click | 1481 | |
| Select / deselect | 421 | |
| Select group hotkey | 939 | |
| Use ability | 273 | |
3347 total
» units
| Peon | 8 | |
| Grunt | 4 | |
| Wind Rider | 15 | |
| Goblin Shredder | 1 | |
| Crypt Fiend | 1 | |
| Troll Batrider | 25 | |
54 total
» upgrades
| Ranged Weapons | 1 | |
| Reinforced Defenses | 2 | |
3 total
» buildings
| Altar of Storms | 1 | |
| Orc Burrow | 7 | |
| Barracks | 1 | |
| Voodoo Lounge | 1 | |
| Stronghold | 1 | |
| War Mill | 1 | |
| Great Hall | 2 | |
| Beastiary | 4 | |
| Fortress | 2 | |
| Watch Tower | 34 | |
| Spirit Tower | 1 | |
55 total
» build order
00:07 Altar of Storms
00:20 Orc Burrow
00:37 Barracks
01:23 Orc Burrow
02:16 Voodoo Lounge
02:46 Stronghold
03:31 War Mill
04:09 Orc Burrow
04:55 Great Hall
05:27 Beastiary
06:06 Beastiary
06:27 Orc Burrow
07:25 Fortress
07:49 Watch Tower
07:49 Watch Tower
08:30 Fortress
08:34 Beastiary
08:36 Beastiary
09:02 Orc Burrow
09:02 Orc Burrow
09:19 Watch Tower
09:19 Watch Tower
09:48 Watch Tower
09:48 Watch Tower
09:48 Watch Tower
10:37 Watch Tower
10:37 Watch Tower
10:37 Watch Tower
10:43 Watch Tower
10:43 Watch Tower
10:44 Watch Tower
10:44 Watch Tower
10:45 Watch Tower
10:54 Spirit Tower
11:40 Watch Tower
11:40 Watch Tower
11:41 Watch Tower
11:42 Watch Tower
11:51 Watch Tower
11:51 Watch Tower
11:52 Watch Tower
11:52 Watch Tower
13:16 Watch Tower
13:16 Watch Tower
13:17 Watch Tower
13:18 Watch Tower
13:18 Watch Tower
13:54 Watch Tower
13:54 Watch Tower
13:58 Watch Tower
14:26 Watch Tower
14:26 Watch Tower
14:27 Watch Tower
14:43 Orc Burrow
21:23 Great Hall
» items
| Healing Salve | 4 | |
| Lesser Clarity Potion | 2 | |
| Orb of Lightning | 1 | |
7 total
team 2 (loser)

»
wing (
red | 57 APM | 1928 actions | 33:54)
6 Blademaster
3 Wind Walk
2 Critical Strike
1 Bladestorm
3 Shadow Hunter
1 Hex
2 Healing Wave
» actions
| Assign group hotkey | 67 | |
| Basic commands | 140 | |
| Build / train | 98 | |
| ESC pressed | 1 | |
| Enter build submenu | 17 | |
| Enter hero's abilities submenu | 9 | |
| Give item / drop item | 3 | |
| Right click | 1047 | |
| Select / deselect | 265 | |
| Select group hotkey | 127 | |
| Use ability | 154 | |
1928 total
» units
| Peon | 8 | |
| Grunt | 8 | |
| Troll Batrider | 10 | |
| Raider | 3 | |
| Wind Rider | 3 | |
| Troll Headhunter/Berserker | 7 | |
| Shaman | 2 | |
| Kodo Beast | 1 | |
| Frost Wyrm | 1 | |
| Acolyte | 2 | |
| Dragonhawk Rider | 2 | |
47 total
» upgrades
| Berserker Strength | 1 | |
| Pillage | 1 | |
| Melee Weapons | 2 | |
| Reinforced Defenses | 1 | |
| Liquid Fire | 1 | |
| Ranged Weapons | 2 | |
| Ensnare | 1 | |
| Envenomed Spears | 1 | |
| Berserker Upgrade | 1 | |
| Shaman Training | 2 | |
| War Drums Damage Increase | 1 | |
14 total
» buildings
| Altar of Storms | 1 | |
| Orc Burrow | 6 | |
| Barracks | 1 | |
| Voodoo Lounge | 1 | |
| Stronghold | 1 | |
| War Mill | 1 | |
| Beastiary | 2 | |
| Fortress | 2 | |
| Spirit Lodge | 1 | |
| Necropolis | 1 | |
| Town Hall | 2 | |
19 total
» build order
00:08 Altar of Storms
00:20 Orc Burrow
00:38 Barracks
01:35 Orc Burrow
02:02 Voodoo Lounge
02:59 Stronghold
03:44 Orc Burrow
04:04 War Mill
04:32 Orc Burrow
06:11 Beastiary
07:42 Beastiary
08:47 Fortress
08:47 Fortress
11:29 Orc Burrow
11:30 Orc Burrow
19:07 Spirit Lodge
32:55 Necropolis
33:03 Town Hall
33:10 Town Hall
» items
| Healing Salve | 5 | |
| Lesser Clarity Potion | 8 | |
| Scroll of Speed | 2 | |
| Orb of Lightning | 1 | |
16 total

»
lKN0WHATIMDOlN (
pink | 83 APM | 2266 actions | 27:23)
5 Dark Ranger
3 Black Arrow
2 Life Drain
» actions
| Assign group hotkey | 45 | |
| Basic commands | 151 | |
| Build / train | 62 | |
| Enter build submenu | 22 | |
| Enter hero's abilities submenu | 5 | |
| Give item / drop item | 1 | |
| Remove unit from queue | 1 | |
| Right click | 512 | |
| Select / deselect | 365 | |
| Select group hotkey | 1073 | |
| Use ability | 29 | |
2266 total
» units
| Acolyte | 12 | |
| Ghoul | 8 | |
| Crypt Fiend | 6 | |
| Frost Wyrm | 14 | |
40 total
» upgrades
| Creature Attack | 3 | |
| Creature Carapace | 2 | |
| Web | 1 | |
| Freezing Breath | 1 | |
7 total
» buildings
| Graveyard | 1 | |
| Crypt | 1 | |
| Ziggurat | 10 | |
| Altar of Darkness | 1 | |
| Nerubian Tower | 3 | |
| Spirit Tower | 2 | |
| Halls of the Dead | 1 | |
| Sacrificial Pit | 1 | |
| Black Citadel | 1 | |
| Boneyard | 5 | |
26 total
» build order
00:11 Graveyard
00:24 Crypt
00:38 Ziggurat
01:03 Altar of Darkness
01:35 Ziggurat
02:02 Nerubian Tower
02:42 Spirit Tower
04:52 Halls of the Dead
06:23 Ziggurat
06:25 Ziggurat
06:59 Ziggurat
07:05 Ziggurat
07:06 Ziggurat
07:08 Ziggurat
07:10 Ziggurat
07:15 Ziggurat
08:05 Nerubian Tower
08:08 Nerubian Tower
08:36 Sacrificial Pit
09:23 Black Citadel
11:53 Boneyard
11:56 Boneyard
11:58 Boneyard
12:00 Boneyard
12:53 Boneyard
17:21 Spirit Tower
NlGGERSrSHlT (
orange | 39 APM | 1073 actions | 27:35)
5 Mountain King
3 Storm Bolt
2 Bash
» actions
| Basic commands | 83 | |
| Build / train | 88 | |
| ESC pressed | 3 | |
| Enter build submenu | 34 | |
| Enter hero's abilities submenu | 6 | |
| Right click | 460 | |
| Select / deselect | 332 | |
| Use ability | 67 | |
1073 total
» units
| Peasant | 23 | |
| Footman | 14 | |
| Dragonhawk Rider | 6 | |
| Gryphon Rider | 19 | |
62 total
» upgrades
| Lumber Harvesting | 1 | |
| Masonry | 2 | |
| Defend | 1 | |
| Swords | 1 | |
| Armor | 2 | |
| Cloud | 1 | |
| Storm Hammers | 1 | |
| Animal War Training | 1 | |
10 total
» buildings
| Barracks | 1 | |
| Farm | 14 | |
| Altar of Kings | 1 | |
| Scout Tower | 6 | |
| Arcane Tower | 2 | |
| Lumber Mill | 1 | |
| Town Hall | 1 | |
| Arcane Vault | 1 | |
| Guard Tower | 4 | |
| Keep | 1 | |
| Blacksmith | 1 | |
| Gryphon Aviary | 3 | |
| Castle | 2 | |
38 total
» build order
00:19 Barracks
00:35 Farm
00:49 Altar of Kings
01:33 Scout Tower
01:44 Farm
01:54 Scout Tower
02:02 Farm
02:21 Arcane Tower
02:22 Arcane Tower
02:45 Farm
03:44 Lumber Mill
04:51 Town Hall
04:57 Scout Tower
05:03 Arcane Vault
06:06 Guard Tower
06:07 Scout Tower
06:12 Keep
06:31 Scout Tower
07:11 Guard Tower
08:21 Scout Tower
08:22 Guard Tower
08:32 Blacksmith
08:40 Gryphon Aviary
08:41 Gryphon Aviary
09:32 Guard Tower
09:34 Castle
09:34 Castle
10:15 Farm
10:16 Farm
10:26 Farm
11:15 Farm
11:51 Farm
12:32 Farm
14:18 Farm
14:26 Farm
14:26 Farm
15:35 Farm
15:38 Gryphon Aviary
PC1582 (
green | 109 APM | 3710 actions | 34:09)
4 Archmage
2 Summon Water Elemental
2 Brilliance Aura
» actions
| Assign group hotkey | 89 | |
| Basic commands | 514 | |
| Build / train | 174 | |
| ESC pressed | 66 | |
| Enter build submenu | 45 | |
| Enter hero's abilities submenu | 4 | |
| Give item / drop item | 3 | |
| Right click | 1152 | |
| Select / deselect | 419 | |
| Select group hotkey | 971 | |
| Use ability | 273 | |
3710 total
» units
| Peasant | 26 | |
| Footman | 9 | |
| Gryphon Rider | 13 | |
| Dragonhawk Rider | 10 | |
| Acolyte | 1 | |
59 total
» upgrades
| Masonry | 3 | |
| Lumber Harvesting | 2 | |
| Swords | 3 | |
| Animal War Training | 1 | |
| Armor | 2 | |
| Storm Hammers | 2 | |
| Cloud | 2 | |
15 total
» buildings
| Altar of Kings | 2 | |
| Barracks | 1 | |
| Farm | 10 | |
| Arcane Vault | 2 | |
| Lumber Mill | 1 | |
| Town Hall | 2 | |
| Scout Tower | 22 | |
| Keep | 7 | |
| Guard Tower | 48 | |
| Blacksmith | 1 | |
| Castle | 6 | |
| Gryphon Aviary | 6 | |
108 total
» build order
00:50 Altar of Kings
00:54 Barracks
00:55 Farm
01:05 Farm
01:18 Farm
02:00 Farm
02:06 Arcane Vault
02:15 Lumber Mill
02:38 Farm
03:25 Farm
04:18 Town Hall
04:20 Scout Tower
04:21 Scout Tower
04:22 Scout Tower
04:23 Scout Tower
04:41 Keep
04:42 Keep
04:42 Keep
04:58 Guard Tower
04:58 Guard Tower
05:08 Guard Tower
05:08 Guard Tower
05:09 Guard Tower
05:16 Guard Tower
05:16 Guard Tower
05:17 Guard Tower
05:43 Scout Tower
06:28 Blacksmith
06:39 Scout Tower
06:40 Scout Tower
06:41 Scout Tower
06:55 Scout Tower
06:56 Scout Tower
06:57 Scout Tower
07:00 Scout Tower
07:00 Scout Tower
07:07 Castle
07:07 Castle
07:27 Gryphon Aviary
07:44 Guard Tower
07:44 Guard Tower
07:45 Guard Tower
07:45 Guard Tower
07:45 Guard Tower
08:08 Guard Tower
08:08 Guard Tower
08:09 Guard Tower
08:09 Guard Tower
08:09 Guard Tower
08:28 Guard Tower
08:28 Guard Tower
08:28 Guard Tower
08:36 Guard Tower
08:36 Guard Tower
08:42 Guard Tower
08:43 Guard Tower
08:43 Guard Tower
08:46 Guard Tower
08:47 Guard Tower
08:50 Gryphon Aviary
09:04 Gryphon Aviary
11:47 Farm
11:49 Farm
11:50 Farm
13:05 Farm
13:27 Scout Tower
13:29 Scout Tower
13:31 Scout Tower
13:38 Scout Tower
13:41 Scout Tower
14:04 Guard Tower
14:04 Guard Tower
14:07 Guard Tower
14:08 Guard Tower
14:08 Guard Tower
14:12 Guard Tower
14:13 Guard Tower
15:58 Guard Tower
15:58 Guard Tower
24:19 Gryphon Aviary
24:20 Gryphon Aviary
24:23 Gryphon Aviary
24:26 Arcane Vault
24:28 Altar of Kings
26:08 Keep
26:08 Keep
26:38 Scout Tower
26:39 Scout Tower
26:40 Scout Tower
26:41 Scout Tower
27:17 Town Hall
27:18 Guard Tower
29:07 Castle
» items
| Potion of Lesser Invulnerability | 1 | |
| Staff of Teleportation | 1 | |
| Scroll of Town Portal | 4 | |
| Scroll of Regeneration | 4 | |
| Potion of Healing | 3 | |
| Lesser Clarity Potion | 1 | |
| Staff of Sanctuary | 1 | |
15 total
Chat log
(00:29 / Allies) lKN0WHATIMDOlN: they got 3 orcs
(00:33 / Allies) lKN0WHATIMDOlN: watch for that bm harass
(01:22 / Allies) lKN0WHATIMDOlN: im goin tavern if anyone wants say so
(02:13 / Allies) lKN0WHATIMDOlN: fnds stats
(02:38 / Allies) NlGGERSrSHlT: Grrrrrphys
(04:27 / Allies) lKN0WHATIMDOlN: green xpo?
(06:07 / Allies) lKN0WHATIMDOlN: green take item
(06:11 / Allies) lKN0WHATIMDOlN: u got potion
(07:00 / All) NlGGERSrSHlT: Good bye nigger shits
(07:01 / All) PC1582: LOL
(07:02 / All) lKN0WHATIMDOlN: wow
(07:19 / Allies) PC1582: wood
(07:35 / Allies) lKN0WHATIMDOlN: workin web
(07:36 / Allies) NlGGERSrSHlT: get aa
(07:49 / Allies) NlGGERSrSHlT: b
(07:51 / Allies) NlGGERSrSHlT: for now
(07:57 / Allies) lKN0WHATIMDOlN: blockin
(08:05 / Allies) NlGGERSrSHlT: MOVE
(08:18 / Allies) lKN0WHATIMDOlN: bad way 2 build
(08:22 / Allies) lKN0WHATIMDOlN: nee to make at an angle
(08:37 / Allies) PC1582: wood
(08:45 / Allies) PC1582: ty
(08:50 / Allies) lKN0WHATIMDOlN: got web
(08:58 / Allies) NlGGERSrSHlT: proceed nigglets
(09:07 / All) NlGGERSrSHlT: Gtfo now
(09:10 / All) NlGGERSrSHlT: Bitch nigger
(09:12 / All) lKN0WHATIMDOlN: prple y u try
(09:19 / All) NlGGERSrSHlT: Purple y u exist
(09:21 / All) NlGGERSrSHlT: Fag boi
(09:23 / All) NlGGERSrSHlT: Go get pussy
(09:25 / All) NlGGERSrSHlT: U virgin
(09:52 / All) NlGGERSrSHlT: Wanna get raped shit kid?
(10:02 / Allies) NlGGERSrSHlT: next base
(10:25 / Allies) lKN0WHATIMDOlN: alter
(10:27 / Allies) lKN0WHATIMDOlN: no hero for him
(11:01 / All) lKN0WHATIMDOlN: byebye prple
(11:09 / All) NlGGERSrSHlT: Owned
(11:46 / All) NlGGERSrSHlT: Do you speak english monkey or you can't afford keyboard?
(12:00 / All) 35kmh: lolo
(12:08 / All) 35kmh: good essort
(12:12 / All) NlGGERSrSHlT: Oh so you stole one
(13:11 / All) lKN0WHATIMDOlN: more towers hurry
(13:15 / All) lKN0WHATIMDOlN: we givin u time
(13:33 / All) NlGGERSrSHlT: Do you have a life why do you play if you can't complete your quest
(13:39 / All) NlGGERSrSHlT: The quest is you win
(13:44 / All) NlGGERSrSHlT: But apparently you can't read
(14:33 / Allies) lKN0WHATIMDOlN: 1 min for frosts with breatj
(14:39 / Allies) NlGGERSrSHlT: i have cloud
(14:41 / Allies) PC1582: just go
(14:48 / Allies) PC1582: go
(15:13 / Allies) PC1582: I fucking hate htis faggot he's so cocky
(15:22 / Allies) NlGGERSrSHlT: green is tking
(15:27 / Allies) NlGGERSrSHlT: what a nigger bitch
(15:38 / Allies) PC1582: You're so cocky
(15:42 / Allies) PC1582: you think it's won
(15:48 / Allies) PC1582: but you left something out the equation
(15:53 / Allies) NlGGERSrSHlT: it's pretty pathetic
(15:55 / Allies) lKN0WHATIMDOlN: ghreebn wtf
(15:58 / Allies) NlGGERSrSHlT: how you wait a whole game
(16:01 / Allies) lKN0WHATIMDOlN: y green?
(16:03 / Allies) PC1582: leave
(16:03 / Allies) NlGGERSrSHlT: Nobody cares about you
(16:06 / Allies) PC1582: Orange is a prick
(16:07 / Allies) lKN0WHATIMDOlN: y?
(16:12 / Allies) PC1582: Orange is a prick
(16:14 / Allies) PC1582: He has to die
(16:16 / Allies) lKN0WHATIMDOlN: so y u kill me if he a prik
(16:17 / Allies) NlGGERSrSHlT: no it was his plan
(16:20 / Allies) NlGGERSrSHlT: a lvl 1
(16:21 / Allies) NlGGERSrSHlT: hu
(16:23 / Allies) NlGGERSrSHlT: duh
(16:27 / Allies) NlGGERSrSHlT: only virgins do that
(16:28 / Allies) PC1582: Teal and I queued together
(16:34 / Allies) PC1582: We wreck dumb faggots like you all the time
(16:43 / Allies) NlGGERSrSHlT: lol fail
(16:44 / Allies) NlGGERSrSHlT: fag
(16:47 / Allies) PC1582: btw fiends can't attack air
(17:09 / Allies) NlGGERSrSHlT: green are you really this pathetic
(17:13 / Allies) NlGGERSrSHlT: you can't get any girls?
(17:15 / Allies) PC1582: lol
(17:17 / Allies) lKN0WHATIMDOlN: oj kill green b 4 he fux us all
(17:30 / Allies) NlGGERSrSHlT: like i care lol
(17:36 / Allies) NlGGERSrSHlT: green thinks i care
(17:38 / Allies) NlGGERSrSHlT: LMFAO
(17:48 / Allies) PC1582: If you don't you'd already have left
(17:52 / Allies) PC1582: You care a lot about your record
(17:58 / Allies) NlGGERSrSHlT: Hey green your niggerly thoughts are no match for me
(18:00 / Allies) lKN0WHATIMDOlN: oj
(18:02 / Allies) lKN0WHATIMDOlN: wtf u doin
(18:10 / Allies) PC1582: Do you know many insults other than nigger?
(18:13 / Allies) PC1582: You don't seem very bright
(18:17 / Allies) lKN0WHATIMDOlN: oj y the fuk r u waiting for me to die ashsoel
(18:19 / Allies) NlGGERSrSHlT: well the truth hurts
(18:26 / Allies) NlGGERSrSHlT: you suck balls kidd
(18:32 / Allies) PC1582: I'm white with blonde hair and blue eyes, you're probably the nigger
(18:39 / Allies) lKN0WHATIMDOlN: \oj hit
(18:47 / Allies) PC1582: 2 of you can't even take me
(18:54 / Allies) PC1582: and you say I suck
(19:05 / Allies) NlGGERSrSHlT: ya we're taking you
(19:10 / Allies) PC1582: nope
(19:13 / Allies) NlGGERSrSHlT: you pretty much suck
(19:20 / Allies) PC1582: try again
(19:29 / Allies) lKN0WHATIMDOlN: oj i need wood bad
(19:31 / Allies) PC1582: Orange your name describes you perfectly
(19:34 / Allies) PC1582: The shit from a nigger
(19:38 / Allies) PC1582: The feces of battle.net
(19:51 / Allies) PC1582: You're so shit the only people who could ever like you in this game let alone real life are sick fucks with scat fetishes
(19:52 / Allies) NlGGERSrSHlT: lol I have a life you're the manure
(19:59 / Allies) NlGGERSrSHlT: who waits a whole game to tk
(20:05 / Allies) PC1582: Yeah yet you suck ass at WC3 and are staying for the win you care so dearly about
(20:05 / Allies) NlGGERSrSHlT: you're just another pathetic virgin
(20:10 / Allies) NlGGERSrSHlT: can't get pussy for shit
(20:20 / Allies) lKN0WHATIMDOlN: oj wtf
(20:22 / Allies) lKN0WHATIMDOlN: wood me ashsoel
(20:24 / Allies) PC1582: What's the name of the first girl you fucked?
(20:25 / Allies) lKN0WHATIMDOlN: u gonna lose
(20:40 / Allies) NlGGERSrSHlT: like i said idc
(20:49 / Allies) NlGGERSrSHlT: look @ my stats you piece of shit
(21:05 / Allies) lKN0WHATIMDOlN: oj y u go bak 2 u base all the fuken time
(21:06 / Allies) NlGGERSrSHlT: why should you care about a name
(21:09 / Allies) lKN0WHATIMDOlN: kill green altready u asshole
(21:10 / Allies) NlGGERSrSHlT: you're a virgin
(21:16 / Allies) NlGGERSrSHlT: you don't even know what a pussy looks like
(21:21 / Allies) PC1582: lol
(21:25 / All) PC1582: Oj is really going on a lot
(21:29 / All) PC1582: He's putting on a good show for us
(21:32 / Allies) PC1582: idle gryphon
(21:37 / Allies) PC1582: I have cloud dumbass
(22:13 / Allies) NlGGERSrSHlT: run pussy
(22:20 / Allies) PC1582: idle mk
(22:21 / Allies) lKN0WHATIMDOlN: oj come now
(22:26 / Allies) PC1582: You've been running all game doing nothing
(22:32 / Allies) NlGGERSrSHlT: LMFAO
(22:35 / Allies) NlGGERSrSHlT: RUN PUSSY BOI
(22:48 / Allies) lKN0WHATIMDOlN: hit his hero
(22:50 / Allies) NlGGERSrSHlT: HAHAHA
(22:53 / Allies) PC1582: nice try
(23:18 / Allies) lKN0WHATIMDOlN: wow oj lvl 1 gryphs asshole
(24:03 / Allies) lKN0WHATIMDOlN: hit the aviary
(24:37 / Allies) lKN0WHATIMDOlN: oj upgarde upgarde
(24:50 / All) NlGGERSrSHlT: Green honestly though
(24:52 / All) NlGGERSrSHlT: Kill your self
(25:05 / Allies) lKN0WHATIMDOlN: oj wake up
(25:06 / All) PC1582: Kill yourself and speed up me killing my team
(25:07 / Allies) lKN0WHATIMDOlN: hit blue
(25:12 / All) lKN0WHATIMDOlN: wow oj u really r a fuken nooob
(25:29 / All) PC1582: He really is
(25:29 / Allies) NlGGERSrSHlT: wtf r u talking about pink fag
(25:30 / All) lKN0WHATIMDOlN: oj u r the fuken worst
(25:31 / All) PC1582: He's shit for brains
(25:34 / Allies) lKN0WHATIMDOlN: stfu n stop talkiin
(25:36 / Allies) lKN0WHATIMDOlN: u idiot bitch
(25:40 / All) lKN0WHATIMDOlN: moron
(25:41 / All) PC1582: Even pink hates orange
(25:42 / Allies) NlGGERSrSHlT: you r a nigger like green
(25:47 / All) lKN0WHATIMDOlN: ur an idiot
(25:51 / All) lKN0WHATIMDOlN: suck a dick asshoel
(25:58 / Allies) NlGGERSrSHlT: nobody likes you kid
(26:01 / All) PC1582: When he says he's not a virgin that's probably what he implies pink
(26:03 / All) lKN0WHATIMDOlN: ur a fuken morons
(26:09 / All) lKN0WHATIMDOlN: go kill urself like green said asshoel
(26:25 / Allies) NlGGERSrSHlT: No you both should kill your selves
(26:33 / Allies) NlGGERSrSHlT: because you both suck nuts
(27:23 / Allies) NlGGERSrSHlT: lag more bitch
(27:34 / Allies) NlGGERSrSHlT: green like i said kill your self you pathetic shit
(27:38 / All) PC1582: LOL
(27:43 / All) PC1582: He said I should kill myself before leaving
(27:48 / All) PC1582: This game had some good chat
(27:54 / All) PC1582: It was a close game
(28:00 / All) PC1582: I should have shit talked a lot better but was focusing on micro
(28:58 / All) PC1582: I unsummoned pink
(29:10 / All) PC1582: Red has nothing
(29:13 / All) PC1582: He's trying to use orange though
(29:18 / All) PC1582: he has gold banked and 3 aviaries
(30:28 / All) asta-tria-gril: give up red u nigger
(30:30 / All) PC1582: They hitting but don't have shit
(30:31 / All) PC1582: Red is trying hard
(30:40 / All) PC1582: All his APM has been on controlling his stuff
(30:42 / All) wing: i m not like u guys
(30:43 / All) PC1582: little talking I think
(30:49 / All) PC1582: lol
(30:51 / All) asta-tria-gril: y are u even here tard
(30:59 / All) wing: at least i have manner
(31:09 / All) asta-tria-gril: pple have been doing this in 4v4 forever
(31:29 / All) wing: people also commit murder and crime
(31:33 / All) wing: does it mean u go do that
(31:47 / All) asta-tria-gril: this is a game, u got duped, the question is, y areu here
(32:16 / All) wing: sad u can't just afk instead of bs
(32:19 / All) wing: at least it would been fun
(33:46 / All) wing: would been better if it was 3v5
(33:50 / All) wing: at least we would win
(34:01 / All) asta-tria-gril: gj lol
(34:06 / All) asta-tria-gril: i say ur team loses?
(34:07 / All) PC1582: My team loses 100%